 Dungeon Crawl Stone Soup version 0.27.0-1-g7a089689b8 (webtiles) character file.

Game seed: 9202680502889836203

91 Ozzies the Skirmisher (level 4, -3/41 HPs)
             Began as a Palentonga Monk on Aug 1, 2021.
             Was a Believer of Fedhas.
             Slain by a worm (7 damage)
             ... on level 2 of the Dungeon.
             The game lasted 00:02:21 (2202 turns).

Ozzies the Skirmisher (Palentonga Monk)             Turns: 2202, Time: 00:02:22

Health: -3/41      AC:  4    Str: 16    XL:     4   Next: 33%
Magic:  4/4        EV: 10    Int: 10    God:    Fedhas [**....]
Gold:   47         SH:  0    Dex: 12    Spells: 3/3 levels left

rFire    . . .     SeeInvis +     - Unarmed
rCold    . . .     Faith    .   (no shield)
rNeg     . . .     Spirit   .   a - +0 robe
rPois    .         Reflect  .   (no helmet)
rElec    .         Harm     .   (no cloak)
rCorr    .         Rampage  .   (no gloves)
Will     .....                  (no barding)
Stlth    ++........             (no amulet)
HPRegen  0.13/turn              (no ring)
MPRegen  0.09/turn              (no ring)

@: no status effects
A: large, rugged brown scales 3, see invisible, deformed body, roll 1, armoured
tail
a: Rolling Charge, Renounce Religion, Wall of Briars


You were on level 2 of the Dungeon.
You worshipped Fedhas.
Fedhas was pleased with you.
You visited 1 branch of the dungeon, and saw 2 of its levels.

You collected 47 gold pieces.

Inventory:

Missiles
 f - 16 stones
Armour
 a - a +0 robe (worn)
Scrolls
 c - 2 scrolls of teleportation {unknown}
 d - a scroll of amnesia {unknown}
 e - 2 scrolls of identify {unknown}
 g - a scroll of enchant weapon {unknown}
 h - a scroll of torment {unknown}
Potions
 b - a potion of heal wounds {@q2 !q}
 i - a potion of haste {unknown}


   Skills:
 + Level 5.2 Fighting
 - Level 2.4 Dodging
 - Level 1.2 Stealth
 - Level 3.0 Unarmed Combat


You had 3 spell levels left.
You didn't know any spells.
Your spell library contained the following spells:

 Spells                   Type           Power      Damage    Failure   Level
 Gell's Gravitas          Tloc           0%         N/A       75%         3
 Lesser Beckoning         Tloc           0%         N/A       75%         3
 Teleport Other           Tloc           0%         N/A       75%         3
 Malign Gateway           Summ/Tloc      0%         N/A       100%        7
 Summon Horrible Things   Summ           0%         N/A       100%        8


Dungeon Overview and Level Annotations

Branches:
Dungeon (2/15)

Altars:
Fedhas


Innate Abilities, Weirdness & Mutations

You are completely covered in rugged brown scales. (AC +3, +7% HP)
You have supernaturally acute eyesight. (SInv)
Armour fits poorly on your strangely shaped body.
You can roll at nearby foes to attack.
You have a long armoured tail.


Message History

No target in view!
Unknown command.
Unknown command.
Unknown command.
A bat comes into view.
A bat is nearby!
A bat is nearby!
A bat is nearby!
The bat barely misses you. The bat hits you but does no damage.
The bat barely misses you.
You barely miss the bat. The bat closely misses you.
The bat closely misses you. The bat hits you but does no damage.
You miss the bat.
Your tail-slap misses the bat.
The bat hits you but does no damage. x2; The bat closely misses you.
You hit the bat but do no damage. The bat hits you but does no damage.
The bat completely misses you.
You hit the bat but do no damage.
Your tail-slap misses the bat.
The bat barely misses you. The bat hits you but does no damage.
You hit the bat.
You kill the bat!
No target in view!
No target in view!
Found a spear.
You now have 47 gold pieces (gained 10).
b - 2 bubbling yellow potions (gained 1)
An endoplasm comes into view.
Found a faded altar of an unknown god.
Found a stone staircase leading down.
An endoplasm is nearby!
Found a book of Displacement.
The endoplasm quivers.
There is a faded altar of an unknown god here.
It was a potion of heal wounds.
You feel much better.
Okay, then.
You hit the endoplasm.
The endoplasm is lightly wounded.
The endoplasm barely misses you.
You hit the endoplasm.
The endoplasm is severely wounded.
The endoplasm freezes you.
You are frozen.
You hit the endoplasm but do no damage.
The endoplasm is severely wounded.
The endoplasm hits you but does no damage.
You hit the endoplasm but do no damage.
The endoplasm is severely wounded.
The endoplasm hits you but does no damage.
You hit the endoplasm.
You kill the endoplasm!
No target in view!
No target in view!
No target in view!
No target in view!
No target in view!
No target in view!
No target in view!
No target in view!
You cannot tell which god this altar belongs to.
Convert to them anyway? [Y]es or [N]o only, please.
You cannot tell which god this altar belongs to.
Convert to them anyway?
Fedhas accepts your prayer! Fedhas welcomes you!
You can now encircle yourself with summoned briar patches.
The plants of the dungeon cease their hostilities.
Unknown command.
Press < or > to pray at altars.
Save game and exit?
Welcome back, Ozzies the Palentonga Monk.
Fedhas says: Spread life and death.
Press ? for a list of commands and other information.
Okay, then.
You pick up a book of Displacement and begin reading...
You add the spells Lesser Beckoning, Gell's Gravitas and Teleport Other to your library.
Found a ring mail.
i - a green potion
e - 2 scrolls labelled WYTHRI BUGAQYRCH (gained 1)
There is an open door here.
A worm comes into view.
There is an open door here.
A worm is nearby!
A worm is nearby!
A worm is nearby!
The worm bites you!
A worm is nearby!
The worm bites you.
A worm is nearby!
A worm is nearby!
A worm is nearby!
The worm completely misses you. The worm bites you! The worm barely misses you.
The worm bites you! The worm bites you.
* * * LOW HITPOINT WARNING * * *
The worm bites you but does no damage. The worm bites you!
* * * LOW HITPOINT WARNING * * *
The worm bites you!
You die...
Fedhas appreciates your contribution to the ecosystem.

#### ...######
###.........# ##.#...##
#.# ##..@....## #.#
#.##..w......###.#
#.............##.#
######.......###.#######
#......###.........
#.#...####..######.
##'##.##......# #.
##...####.##...### #.
##.....###.##.....# #.


You could see a worm.

Vanquished Creatures
  A scorpion (D:2)
  4 orcs (D:2)
  2 endoplasms (D:2)
  A giant cockroach (D:2)
  3 hobgoblins
  5 jackals (D:1)
  A quokka (D:1)
  2 ball pythons (D:1)
  2 bats
  A frilled lizard (D:2)
  A kobold (D:2)
  4 rats
27 creatures vanquished.

Notes
Turn   | Place    | Note
-------+----------+-------------------------------------------
     0 | D:1      | Ozzies the Palentonga Monk began the quest for the Orb.
     0 | D:1      | Reached XP level 1. HP: 19/19 MP: 1/1
   497 | D:1      | Reached XP level 2. HP: 24/25 MP: 2/2
  1556 | D:2      | Noticed a scorpion
  1564 | D:2      | Killed a scorpion
  1565 | D:2      | Reached skill level 5 in Fighting
  1565 | D:2      | Reached XP level 3. HP: 21/35 MP: 3/3
  1565 | D:2      | Reached XP level 4. HP: 24/41 MP: 4/4
  2076 | D:2      | Found a faded altar of an unknown god.
  2088 | D:2      | Became a worshipper of Fedhas Madash
  2088 | D:2      | Reached * piety under Fedhas
  2088 | D:2      | Reached ** piety under Fedhas
  2202 | D:2      | Slain by a worm

Illustrated notes

Levels and vault maps discovered:
D:1:      dpeg_arrival_round_a, layout_basic, chequers_serial_rivers_micro_b
D:2:      layout_loops_corners, ebering_ecumenical_altar_box

Skill      XL: |  1  2 |
---------------+-------+-----
Fighting       | 5 |  5.2
Dodging        | |  2.4
Stealth        | |  1.2
Unarmed Combat | |  3.0

Action                   |  1- 3 |  4- 6 || total
-------------------------+-------+-------++-------
Melee: Unarmed           |    58 |    41 ||    99
       Tailslap          |     8 |     4 ||    12
       Punch             |       |     1 ||     1
  Use: Potion            |       |     1 ||     1
 Stab: Sleeping          |     3 |       ||     3
Armor: Robe              |    14 |    26 ||    40
Dodge: Dodged            |    28 |    24 ||    52
